Workbook

Sheet Oil and Rfinery
A1: Company Name | B1: Debt | C1: Market Capitalisation | D1: Beta | E1: D/E | F1: Tax Rate | G1: Unlevered Beta | H1: Weight
A2: Agarwal Industrial Corpn. Ltd. | B2: 114.1 | C2: 3026.33 | D2: 0.8 | E2: =B2/C2 -> 0.037702432 | F2: 0.3461 | G2: =D2/((1+E2*(1-F2))) -> 0.78075165 | H2: =(G2*C2)/SUMPRODUCT($C$2:$C$31,$D$2:$D$31) -> 0.00021576154 | J2: Weighted Average beta | K2: =SUMPRODUCT(G2:G31,C2:C31)/SUM(C2:C31) -> 0.85452525
A3: Bharat Petroleum Corpn. Ltd. | B3: 304393.4 | C3: 803708.14 | D3: 1.22 | E3: =B3/C3 -> 0.37873624 | F3: 0.3461 | G3: =D3/((1+E3*(1-F3))) -> 0.97783393 | H3: =(G3*C3)/SUMPRODUCT($C$2:$C$31,$D$2:$D$31) -> 0.071764277 | J3: Simple Average beta | K3: =AVERAGE(G2:G31) -> 0.93395235
A4: Bongaigaon Refinery & Petrochemicals Ltd. [Merged] | C4: 9131.68 | D4: 1.11 | E4: =B4/C4 -> 0 | F4: 0.3461 | G4: =D4/((1+E4*(1-F4))) -> 1.11 | H4: =(G4*C4)/SUMPRODUCT($C$2:$C$31,$D$2:$D$31) -> 0.00092558969
A5: Castrol India Ltd. | C5: 158210.13 | D5: 0.84 | E5: =B5/C5 -> 0 | F5: 0.3461 | G5: =D5/((1+E5*(1-F5))) -> 0.84 | H5: =(G5*C5)/SUMPRODUCT($C$2:$C$31,$D$2:$D$31) -> 0.012135521
A6: Chennai Petroleum Corpn. Ltd. | B6: 32682.9 | C6: 44420.27 | D6: 1.4 | E6: =B6/C6 -> 0.73576545 | F6: 0.3461 | G6: =D6/((1+E6*(1-F6))) -> 0.94523253 | H6: =(G6*C6)/SUMPRODUCT($C$2:$C$31,$D$2:$D$31) -> 0.0038341112
A7: Continental Petroleums Ltd. | C7: 151.81 | D7: 0.17 | E7: =B7/C7 -> 0 | F7: 0.3461 | G7: =D7/((1+E7*(1-F7))) -> 0.17 | H7: =(G7*C7)/SUMPRODUCT($C$2:$C$31,$D$2:$D$31) -> 2.3566449e-06
A8: G P Petroleums Ltd. | C8: 3711.66 | D8: 1.38 | E8: =B8/C8 -> 0 | F8: 0.3461 | G8: =D8/((1+E8*(1-F8))) -> 1.38 | H8: =(G8*C8)/SUMPRODUCT($C$2:$C$31,$D$2:$D$31) -> 0.00046772665
A9: Goa Carbon Ltd. | B9: 93.4 | C9: 5913.41 | D9: 1.64 | E9: =B9/C9 -> 0.015794609 | F9: 0.3461 | G9: =D9/((1+E9*(1-F9))) -> 1.6232351 | H9: =(G9*C9)/SUMPRODUCT($C$2:$C$31,$D$2:$D$31) -> 0.00087652489
A10: Gujarat Indo-Lube Ltd. | C10: 6.9 | D10: 0.6 | E10: =B10/C10 -> 0 | F10: 0.3461 | G10: =D10/((1+E10*(1-F10))) -> 0.6 | H10: =(G10*C10)/SUMPRODUCT($C$2:$C$31,$D$2:$D$31) -> 3.7804647e-07
A11: Gujarat Oiland Inds. Ltd. | C11: 3.23 | D11: 1.38 | E11: =B11/C11 -> 0 | F11: 0.3461 | G11: =D11/((1+E11*(1-F11))) -> 1.38 | H11: =(G11*C11)/SUMPRODUCT($C$2:$C$31,$D$2:$D$31) -> 4.0703003e-07
A12: Gulf Oil India Ltd.[Merged] | C12: 419.12 | D12: 0.58 | E12: =B12/C12 -> 0 | F12: 0.3461 | G12: =D12/((1+E12*(1-F12))) -> 0.58 | H12: =(G12*C12)/SUMPRODUCT($C$2:$C$31,$D$2:$D$31) -> 2.2197866e-05
A13: Gulf Oil Lubricants India Ltd. | C13: 41715.62 | D13: 0.65 | E13: =B13/C13 -> 0 | F13: 0.3461 | G13: =D13/((1+E13*(1-F13))) -> 0.65 | H13: =(G13*C13)/SUMPRODUCT($C$2:$C$31,$D$2:$D$31) -> 0.0024760357
A14: Hemi Petro Products Ltd. | C14: 4.04 | D14: -0.5 | E14: =B14/C14 -> 0 | F14: 0.3461 | G14: =D14/((1+E14*(1-F14))) -> -0.5 | H14: =(G14*C14)/SUMPRODUCT($C$2:$C$31,$D$2:$D$31) -> -1.8445746e-07
A15: Hindustan Petroleum Corpn. Ltd. | B15: 253431.6 | C15: 395355.78 | D15: 1.36 | E15: =B15/C15 -> 0.64102161 | F15: 0.3461 | G15: =D15/((1+E15*(1-F15))) -> 0.95831065 | H15: =(G15*C15)/SUMPRODUCT($C$2:$C$31,$D$2:$D$31) -> 0.034597064
A16: Iccon Oil & Specialities Ltd. | C16: 8.06 | D16: 0.5 | E16: =B16/C16 -> 0 | F16: 0.3461 | G16: =D16/((1+E16*(1-F16))) -> 0.5 | H16: =(G16*C16)/SUMPRODUCT($C$2:$C$31,$D$2:$D$31) -> 3.6800176e-07
A17: Indian Oil Corpn. Ltd. | B17: 689045.8 | C17: 1498532.3 | D17: 0.98 | E17: =B17/C17 -> 0.45981379 | F17: 0.3461 | G17: =D17/((1+E17*(1-F17))) -> 0.75345654 | H17: =(G17*C17)/SUMPRODUCT($C$2:$C$31,$D$2:$D$31) -> 0.10310249
A18: Kochi Refineries Ltd. [Merged] | C18: 22625.96 | D18: 1.04 | E18: =B18/C18 -> 0 | F18: 0.3461 | G18: =D18/((1+E18*(1-F18))) -> 1.04 | H18: =(G18*C18)/SUMPRODUCT($C$2:$C$31,$D$2:$D$31) -> 0.0021487466
A19: Mangalore Refinery & Petrochemicals Ltd. | B19: 165298.4 | C19: 137754.26 | D19: 1.5 | E19: =B19/C19 -> 1.1999513 | F19: 0.3461 | G19: =D19/((1+E19*(1-F19))) -> 0.84050181 | H19: =(G19*C19)/SUMPRODUCT($C$2:$C$31,$D$2:$D$31) -> 0.010572764
A20: Motorol (India) Ltd. | C20: 78.47 | D20: 2.23 | E20: =B20/C20 -> 0 | F20: 0.3461 | G20: =D20/((1+E20*(1-F20))) -> 2.23 | H20: =(G20*C20)/SUMPRODUCT($C$2:$C$31,$D$2:$D$31) -> 1.5979138e-05
A21: Motorol Speciality Oils Ltd. | C21: 13.16 | D21: 0.75 | E21: =B21/C21 -> 0 | F21: 0.3461 | G21: =D21/((1+E21*(1-F21))) -> 0.75 | H21: =(G21*C21)/SUMPRODUCT($C$2:$C$31,$D$2:$D$31) -> 9.012847e-07
A22: Nayara Energy Ltd. | B22: 234800.5 | C22: 380945.51 | D22: 1.62 | E22: =B22/C22 -> 0.61636243 | F22: 0.3461 | G22: =D22/((1+E22*(1-F22))) -> 1.1546361 | H22: =(G22*C22)/SUMPRODUCT($C$2:$C$31,$D$2:$D$31) -> 0.04016547
A23: Panama Petrochem Ltd. | B23: 56.4 | C23: 9110.34 | D23: 0.91 | E23: =B23/C23 -> 0.0061907679 | F23: 0.3461 | G23: =D23/((1+E23*(1-F23))) -> 0.90633104 | H23: =(G23*C23)/SUMPRODUCT($C$2:$C$31,$D$2:$D$31) -> 0.00075399121
A24: Rain Calcining Ltd. [Merged] | C24: 8682.17 | D24: 1.31 | E24: =B24/C24 -> 0 | F24: 0.3461 | G24: =D24/((1+E24*(1-F24))) -> 1.31 | H24: =(G24*C24)/SUMPRODUCT($C$2:$C$31,$D$2:$D$31) -> 0.0010385907
A25: Reliance Industries Ltd. | B25: 2132710 | C25: 6089596.2 | D25: 0.99 | E25: =B25/C25 -> 0.35022191 | F25: 0.3461 | G25: =D25/((1+E25*(1-F25))) -> 0.80552633 | H25: =(G25*C25)/SUMPRODUCT($C$2:$C$31,$D$2:$D$31) -> 0.44793302
A26: Reliance Petroleum Ltd. (1993) [Merged] | C26: 112356.01 | D26: 0.77 | E26: =B26/C26 -> 0 | F26: 0.3461 | G26: =D26/((1+E26*(1-F26))) -> 0.77 | H26: =(G26*C26)/SUMPRODUCT($C$2:$C$31,$D$2:$D$31) -> 0.0079000871
A27: Reliance Petroleum Ltd. (2005) [Merged] | C27: 588825 | D27: 1.17 | E27: =B27/C27 -> 0 | F27: 0.3461 | G27: =D27/((1+E27*(1-F27))) -> 1.17 | H27: =(G27*C27)/SUMPRODUCT($C$2:$C$31,$D$2:$D$31) -> 0.062909603
A28: Savita Oil Technologies Ltd. | C28: 17606.85 | D28: 1.15 | E28: =B28/C28 -> 0 | F28: 0.3461 | G28: =D28/((1+E28*(1-F28))) -> 1.15 | H28: =(G28*C28)/SUMPRODUCT($C$2:$C$31,$D$2:$D$31) -> 0.0018489465
A29: Speciality Petrolubes Ltd. | C29: 3.67 | D29: 0.85 | E29: =B29/C29 -> 0 | F29: 0.3461 | G29: =D29/((1+E29*(1-F29))) -> 0.85 | H29: =(G29*C29)/SUMPRODUCT($C$2:$C$31,$D$2:$D$31) -> 2.8485893e-07
A30: Sunstar Lubricants Ltd. | C30: 60 | D30: 1.16 | E30: =B30/C30 -> 0 | F30: 0.3461 | G30: =D30/((1+E30*(1-F30))) -> 1.16 | H30: =(G30*C30)/SUMPRODUCT($C$2:$C$31,$D$2:$D$31) -> 6.3555638e-06
A31: Tide Water Oil Co. (India) Ltd. | B31: 461.7 | C31: 19830.6 | D31: 1.15 | E31: =B31/C31 -> 0.0232822 | F31: 0.3461 | G31: =D31/((1+E31*(1-F31))) -> 1.1327547 | H31: =(G31*C31)/SUMPRODUCT($C$2:$C$31,$D$2:$D$31) -> 0.0020512404

Sheet Telecome
A1: Company Name | B1: Debt | C1: Market Capitalisation | D1: Beta | E1: D/E | F1: Tax Rate | G1: Unlevered Beta | H1: Weight
A2: A A R V Infratel Ltd. | C2: 12.34 | D2: 1.59 | E2: =B2/C2 -> 0 | F2: 0.3461 | G2: =D2/((1+E2*(1-F2))) -> 1.59 | H2: =(G2*C2)/SUMPRODUCT($C$2:$C$31,$D$2:$D$31) -> 9.8144403e-06 | J2: Weighted Average beta | K2: =SUMPRODUCT(G2:G31,C2:C31)/SUM(C2:C31) -> 0.53171572
A3: Bharti Airtel Ltd. | B3: 1024164 | C3: 1467645.4 | D3: 0.78 | E3: =B3/C3 -> 0.69782794 | F3: 0.3461 | G3: =D3/((1+E3*(1-F3))) -> 0.53560036 | H3: =(G3*C3)/SUMPRODUCT($C$2:$C$31,$D$2:$D$31) -> 0.39320159 | J3: Simple Average beta | K3: =AVERAGE(G2:G31) -> 0.56590106
A4: Bharti Infratel Ltd. | B4: 39505 | C4: 552200.54 | D4: 0.53 | E4: =B4/C4 -> 0.071541038 | F4: 0.3461 | G4: =D4/((1+E4*(1-F4))) -> 0.50631427 | H4: =(G4*C4)/SUMPRODUCT($C$2:$C$31,$D$2:$D$31) -> 0.1398525
A5: G T L Infrastructure Ltd. | B5: 32038.2 | C5: 17576.31 | D5: 1.79 | E5: =B5/C5 -> 1.8228058 | F5: 0.3461 | G5: =D5/((1+E5*(1-F5))) -> 0.8166309 | H5: =(G5*C5)/SUMPRODUCT($C$2:$C$31,$D$2:$D$31) -> 0.0071797078
A6: G T L Ltd. | B6: 12240.5 | C6: 1085.35 | D6: 2.45 | E6: =B6/C6 -> 11.277929 | F6: 0.3461 | G6: =D6/((1+E6*(1-F6))) -> 0.29254997 | H6: =(G6*C6)/SUMPRODUCT($C$2:$C$31,$D$2:$D$31) -> 0.00015882656
A7: Gemini Communication Ltd. | B7: 2186.1 | C7: 85.49 | D7: 0.44 | E7: =B7/C7 -> 25.571412 | F7: 0.3461 | G7: =D7/((1+E7*(1-F7))) -> 0.024829094 | H7: =(G7*C7)/SUMPRODUCT($C$2:$C$31,$D$2:$D$31) -> 1.0617675e-06
A8: Idea Cellular Ltd. | B8: 588143.7 | C8: 248514.8 | D8: 0.86 | E8: =B8/C8 -> 2.3666345 | F8: 0.3461 | G8: =D8/((1+E8*(1-F8))) -> 0.33758026 | H8: =(G8*C8)/SUMPRODUCT($C$2:$C$31,$D$2:$D$31) -> 0.041964549
A9: Jupiter Infomedia Ltd. | C9: 661.82 | D9: 0.55 | E9: =B9/C9 -> 0 | F9: 0.3461 | G9: =D9/((1+E9*(1-F9))) -> 0.55 | H9: =(G9*C9)/SUMPRODUCT($C$2:$C$31,$D$2:$D$31) -> 0.00018207731
A10: Mahanagar Telephone Nigam Ltd. | B10: 104584.7 | C10: 9954 | D10: 2.17 | E10: =B10/C10 -> 10.506801 | F10: 0.3461 | G10: =D10/((1+E10*(1-F10))) -> 0.2757167 | H10: =(G10*C10)/SUMPRODUCT($C$2:$C$31,$D$2:$D$31) -> 0.0013728212
A11: Nelco Ltd. | B11: 137.6 | C11: 5961.31 | D11: 1.98 | E11: =B11/C11 -> 0.023082175 | F11: 0.3461 | G11: =D11/((1+E11*(1-F11))) -> 1.9505594 | H11: =(G11*C11)/SUMPRODUCT($C$2:$C$31,$D$2:$D$31) -> 0.0058163982
A12: Net 4 India Ltd. | B12: 611.8 | C12: 21.06 | D12: 0.43 | E12: =B12/C12 -> 29.050332 | F12: 0.3461 | G12: =D12/((1+E12*(1-F12))) -> 0.021504288 | H12: =(G12*C12)/SUMPRODUCT($C$2:$C$31,$D$2:$D$31) -> 2.2653571e-07
A13: Nettlinx Ltd. | B13: 53.3 | C13: 577.75 | D13: 0.19 | E13: =B13/C13 -> 0.092254435 | F13: 0.3461 | G13: =D13/((1+E13*(1-F13))) -> 0.17919031 | H13: =(G13*C13)/SUMPRODUCT($C$2:$C$31,$D$2:$D$31) -> 5.1785448e-05
A14: Nivyah Infrastructure & Telecom Services Ltd. | C14: 84.2 | D14: 0.65 | E14: =B14/C14 -> 0 | F14: 0.3461 | G14: =D14/((1+E14*(1-F14))) -> 0.65 | H14: =(G14*C14)/SUMPRODUCT($C$2:$C$31,$D$2:$D$31) -> 2.7376549e-05
A15: Nu Tek India Ltd. | B15: 23.5 | C15: 103.53 | D15: 1.26 | E15: =B15/C15 -> 0.22698735 | F15: 0.3461 | G15: =D15/((1+E15*(1-F15))) -> 1.0971529 | H15: =(G15*C15)/SUMPRODUCT($C$2:$C$31,$D$2:$D$31) -> 5.6818087e-05
A16: Quadrant Televentures Ltd. | B16: 7045.1 | C16: 397.97 | D16: 0.86 | E16: =B16/C16 -> 17.702591 | F16: 0.3461 | G16: =D16/((1+E16*(1-F16))) -> 0.068385725 | H16: =(G16*C16)/SUMPRODUCT($C$2:$C$31,$D$2:$D$31) -> 1.3613476e-05
A17: Reliance Communications Ltd. | B17: 373940 | C17: 36615.66 | D17: 1.75 | E17: =B17/C17 -> 10.21257 | F17: 0.3461 | G17: =D17/((1+E17*(1-F17))) -> 0.22792395 | H17: =(G17*C17)/SUMPRODUCT($C$2:$C$31,$D$2:$D$31) -> 0.0041745539
A18: Suyog Telematics Ltd. | C18: 3036.17 | D18: 0.35 | E18: =B18/C18 -> 0 | F18: 0.3461 | G18: =D18/((1+E18*(1-F18))) -> 0.35 | H18: =(G18*C18)/SUMPRODUCT($C$2:$C$31,$D$2:$D$31) -> 0.00053155399
A19: Tata Communications Ltd. | B19: 113326.7 | C19: 168463.5 | D19: 1.2 | E19: =B19/C19 -> 0.67270774 | F19: 0.3461 | G19: =D19/((1+E19*(1-F19))) -> 0.83340071 | H19: =(G19*C19)/SUMPRODUCT($C$2:$C$31,$D$2:$D$31) -> 0.070228426
A20: Tata Teleservices (Maharashtra) Ltd. | C20: 8621.23 | D20: 1.37 | E20: =B20/C20 -> 0 | F20: 0.3461 | G20: =D20/((1+E20*(1-F20))) -> 1.37 | H20: =(G20*C20)/SUMPRODUCT($C$2:$C$31,$D$2:$D$31) -> 0.0059080349
A21: Tulip Telecom Ltd. | B21: 19276.6 | C21: 221.85 | D21: 1.3 | E21: =B21/C21 -> 86.890241 | F21: 0.3461 | G21: =D21/((1+E21*(1-F21))) -> 0.022484531 | H21: =(G21*C21)/SUMPRODUCT($C$2:$C$31,$D$2:$D$31) -> 2.4951492e-06
A22: Virgo Global Ltd. | C22: 5.25 | D22: 0.16 | E22: =B22/C22 -> 0 | F22: 0.3461 | G22: =D22/((1+E22*(1-F22))) -> 0.16 | H22: =(G22*C22)/SUMPRODUCT($C$2:$C$31,$D$2:$D$31) -> 4.2017725e-07
A23: Vital Communications Ltd. | C23: 26.2 | D23: 0.59 | E23: =B23/C23 -> 0 | F23: 0.3461 | G23: =D23/((1+E23*(1-F23))) -> 0.59 | H23: =(G23*C23)/SUMPRODUCT($C$2:$C$31,$D$2:$D$31) -> 7.7322619e-06

Sheet Retails
A1: Company Name | B1: Main product/service group | C1: Debt | D1: Market Capitalisation | E1: Beta | F1: D/E | G1: Tax Rate | H1: Unlevered Beta | I1: Weight
A2: Aditya Birla Fashion & Retail Ltd. | B2: Retail trade | D2: 105803.18 | E2: 0.87 | F2: =C2/D2 -> 0 | G2: 0.3461 | H2: =E2/(1+F2*(1-G2)) -> 0.87 | I2: =(H2*D2)/SUMPRODUCT($D$2:$D$28,$H$2:$H$28) -> 0.190534 | K2: Weighted Average beta | L2: =SUMPRODUCT(H2:H31,D2:D31)/SUM(D2:D31) -> 0.85663559
A3: Anisha Impex Ltd. | B3: Retail trade in textiles & apparels | D3: 443.67 | E3: 0.37 | F3: =C3/D3 -> 0 | G3: 0.3461 | H3: =E3/(1+F3*(1-G3)) -> 0.37 | I3: =(H3*D3)/SUMPRODUCT($D$2:$D$28,$H$2:$H$28) -> 0.00033979447 | K3: Simple Average beta | L3: =AVERAGE(H2:H31) -> 0.45298741
A4: Atlas Jewellery India Ltd. | B4: Retail trade in jewellery of gold | D4: 12073.51 | E4: 0.82 | F4: =C4/D4 -> 0 | G4: 0.3461 | H4: =E4/(1+F4*(1-G4)) -> 0.82 | I4: =(H4*D4)/SUMPRODUCT($D$2:$D$28,$H$2:$H$28) -> 0.020492829
A5: Bata India Ltd. | B5: Retail trade in footwear & parts of footwear | C5: 1039.7 | D5: 107596.83 | E5: 1.06 | F5: =C5/D5 -> 0.0096629241 | G5: 0.3461 | H5: =E5/(1+F5*(1-G5)) -> 1.0533444 | I5: =(H5*D5)/SUMPRODUCT($D$2:$D$28,$H$2:$H$28) -> 0.23459803
A6: Bombay Swadeshi Stores Ltd. | B6: Retail trade | C6: 112.7 | D6: 637.26 | E6: 0.4 | F6: =C6/D6 -> 0.17685089 | G6: 0.3461 | H6: =E6/(1+F6*(1-G6)) -> 0.3585377 | I6: =(H6*D6)/SUMPRODUCT($D$2:$D$28,$H$2:$H$28) -> 0.00047293995
A7: Brandhouse Retails Ltd. | B7: Retail trade | C7: 79.2 | D7: 35.38 | E7: 1.65 | F7: =C7/D7 -> 2.2385529 | G7: 0.3461 | H7: =E7/(1+F7*(1-G7)) -> 0.66970001 | I7: =(H7*D7)/SUMPRODUCT($D$2:$D$28,$H$2:$H$28) -> 4.9044764e-05
A8: Future Enterprises Ltd. | B8: Retail trade | C8: 58136.3 | D8: 16760.62 | E8: 0.92 | F8: =C8/D8 -> 3.4686247 | G8: 0.3461 | H8: =E8/(1+F8*(1-G8)) -> 0.28150623 | I8: =(H8*D8)/SUMPRODUCT($D$2:$D$28,$H$2:$H$28) -> 0.0097663574
A9: Future Lifestyle Fashions Ltd. | B9: Retail trade | C9: 4306.5 | D9: 82388.5 | E9: 0.86 | F9: =C9/D9 -> 0.052270645 | G9: 0.3461 | H9: =E9/(1+F9*(1-G9)) -> 0.83157689 | I9: =(H9*D9)/SUMPRODUCT($D$2:$D$28,$H$2:$H$28) -> 0.14181544
A10: Genesis I B R C India Ltd. | B10: Retail trade in plastic products | D10: 68.77 | E10: 0.21 | F10: =C10/D10 -> 0 | G10: 0.3461 | H10: =E10/(1+F10*(1-G10)) -> 0.21 | I10: =(H10*D10)/SUMPRODUCT($D$2:$D$28,$H$2:$H$28) -> 2.9893229e-05
A11: Gitanjali Gems Ltd. | B11: Retail trade in jewellery of pearls, precious & semi-precious stones | C11: 5378.6 | D11: 447.18 | E11: 1.8 | F11: =C11/D11 -> 12.027819 | G11: 0.3461 | H11: =E11/(1+F11*(1-G11)) -> 0.2030459 | I11: =(H11*D11)/SUMPRODUCT($D$2:$D$28,$H$2:$H$28) -> 0.00018794514
A12: Hit Kit Global Solutions Ltd. | B12: Retail trade | D12: 11.1 | E12: -0.1 | F12: =C12/D12 -> 0 | G12: 0.3461 | H12: =E12/(1+F12*(1-G12)) -> -0.1 | I12: =(H12*D12)/SUMPRODUCT($D$2:$D$28,$H$2:$H$28) -> -2.2976163e-06
A13: Inceptum Enterprises Ltd. | B13: Retail trade in miscellaneous manufactured articles | D13: 70.1 | E13: 0.17 | F13: =C13/D13 -> 0 | G13: 0.3461 | H13: =E13/(1+F13*(1-G13)) -> 0.17 | I13: =(H13*D13)/SUMPRODUCT($D$2:$D$28,$H$2:$H$28) -> 2.4667291e-05
A14: India International Mktg. Centre Ltd. | B14: Retail trade in precious stones and pearls | D14: 9.94 | E14: 0.53 | F14: =C14/D14 -> 0 | G14: 0.3461 | H14: =E14/(1+F14*(1-G14)) -> 0.53 | I14: =(H14*D14)/SUMPRODUCT($D$2:$D$28,$H$2:$H$28) -> 1.0904777e-05
A15: Kavit Industries Ltd. | B15: Retail trade in vegetable oils | C15: 343.7 | D15: 1960.19 | E15: 0.02 | F15: =C15/D15 -> 0.17534015 | G15: 0.3461 | H15: =E15/(1+F15*(1-G15)) -> 0.017942773 | I15: =(H15*D15)/SUMPRODUCT($D$2:$D$28,$H$2:$H$28) -> 7.2801821e-05
A16: P I L Industries Ltd. | B16: Retail trade in textiles & apparels | C16: 2996.5 | D16: 2152.16 | E16: 1.09 | F16: =C16/D16 -> 1.3923221 | G16: 0.3461 | H16: =E16/(1+F16*(1-G16)) -> 0.57054936 | I16: =(H16*D16)/SUMPRODUCT($D$2:$D$28,$H$2:$H$28) -> 0.0025416883
A17: Quick Heal Technologies Ltd. | B17: Retail trade in readymade software products | C17: 22.7 | D17: 19292.89 | E17: 2.04 | F17: =C17/D17 -> 0.0011765993 | G17: 0.3461 | H17: =E17/(1+F17*(1-G17)) -> 2.0384317 | I17: =(H17*D17)/SUMPRODUCT($D$2:$D$28,$H$2:$H$28) -> 0.081404416
A18: R C L Retail Ltd. | B18: Retail trade in bakery products | D18: 189.57 | E18: 0.08 | F18: =C18/D18 -> 0 | G18: 0.3461 | H18: =E18/(1+F18*(1-G18)) -> 0.08 | I18: =(H18*D18)/SUMPRODUCT($D$2:$D$28,$H$2:$H$28) -> 3.1391648e-05
A19: Radha Madhav Corpn. Ltd. | B19: Retail trade in miscellaneous manufactured articles | D19: 2296.7 | E19: 1.04 | F19: =C19/D19 -> 0 | G19: 0.3461 | H19: =E19/(1+F19*(1-G19)) -> 1.04 | I19: =(H19*D19)/SUMPRODUCT($D$2:$D$28,$H$2:$H$28) -> 0.0049441555
A20: Rockon Enterprises Ltd. | B20: Retail trade in agricultural crops | D20: 26.76 | E20: -0.44 | F20: =C20/D20 -> 0 | G20: 0.3461 | H20: =E20/(1+F20*(1-G20)) -> -0.44 | I20: =(H20*D20)/SUMPRODUCT($D$2:$D$28,$H$2:$H$28) -> -2.437212e-05
A21: Sheetal Diamonds Ltd. | B21: Retail trade in diamonds | D21: 34.95 | E21: -0.71 | F21: =C21/D21 -> 0 | G21: 0.3461 | H21: =E21/(1+F21*(1-G21)) -> -0.71 | I21: =(H21*D21)/SUMPRODUCT($D$2:$D$28,$H$2:$H$28) -> -5.1364143e-05
A22: Shoppers Stop Ltd. | B22: Retail trade | C22: 3783.4 | D22: 47734.54 | E22: 0.47 | F22: =C22/D22 -> 0.07925917 | G22: 0.3461 | H22: =E22/(1+F22*(1-G22)) -> 0.4468413 | I22: =(H22*D22)/SUMPRODUCT($D$2:$D$28,$H$2:$H$28) -> 0.044151002
A23: Trent Ltd. | B23: Retail trade in apparels (readymade garments) | C23: 1263.7 | D23: 104214.53 | E23: 0.7 | F23: =C23/D23 -> 0.012125948 | G23: 0.3461 | H23: =E23/(1+F23*(1-G23)) -> 0.69449325 | I23: =(H23*D23)/SUMPRODUCT($D$2:$D$28,$H$2:$H$28) -> 0.14981346
A24: Twinstar Industries Ltd. | B24: Retail trade | D24: 29.92 | E24: 0.1 | F24: =C24/D24 -> 0 | G24: 0.3461 | H24: =E24/(1+F24*(1-G24)) -> 0.1 | I24: =(H24*D24)/SUMPRODUCT($D$2:$D$28,$H$2:$H$28) -> 6.1932143e-06
A25: Uniworth International Ltd. | B25: Retail trade in textiles & apparels | C25: 80.3 | D25: 8.48 | E25: 1.36 | F25: =C25/D25 -> 9.4693396 | G25: 0.3461 | H25: =E25/(1+F25*(1-G25)) -> 0.18909897 | I25: =(H25*D25)/SUMPRODUCT($D$2:$D$28,$H$2:$H$28) -> 3.3192467e-06
A26: V 2 Retail Ltd. | B26: Retail trade | C26: 230.4 | D26: 13786.35 | E26: 1.21 | F26: =C26/D26 -> 0.016712183 | G26: 0.3461 | H26: =E26/(1+F26*(1-G26)) -> 1.1969199 | I26: =(H26*D26)/SUMPRODUCT($D$2:$D$28,$H$2:$H$28) -> 0.034156151
A27: V-Mart Retail Ltd. | B27: Retail trade in apparels (readymade garments) | D27: 45499.03 | E27: 0.9 | F27: =C27/D27 -> 0 | G27: 0.3461 | H27: =E27/(1+F27*(1-G27)) -> 0.9 | I27: =(H27*D27)/SUMPRODUCT($D$2:$D$28,$H$2:$H$28) -> 0.084761603
A28: Vitan Agro Inds. Ltd. | B28: Retail trade | C28: 32 | D28: 389.28 | E28: -0.17 | F28: =C28/D28 -> 0.082203042 | G28: 0.3461 | H28: =E28/(1+F28*(1-G28)) -> -0.1613282 | I28: =(H28*D28)/SUMPRODUCT($D$2:$D$28,$H$2:$H$28) -> -0.00012999507

Sheet Bottom-up beta
B2: 03/31/2013 | D2: 03/31/2014 | F2: 03/31/2015 | H2: 03/31/2016 | J2: 03/31/2017 | L2: 03/31/2018 | N2: Simple Average | O2: Weighted average
A3: Revenue | B3: 3970620 | C3: 1 | D3: 4344600 | E3: 1 | F3: 3754350 | G3: 1 | H3: 2739990 | I3: 1 | J3: 3053820 | K3: 1 | L3: 3916770 | M3: 1 | N3: Unlevered Beta | O3: Unlevered Beta
A4: Refining | B4: 2904270 | C4: 0.71114762 | D4: 4021490 | E4: 0.75917277 | F4: 3353380 | G4: 0.72377816 | H4: 1763660 | I4: 0.60132016 | J4: 1961460 | K4: 0.59405779 | L4: 2289970 | M4: 0.53164736 | N4: ='Oil and Rfinery'!K3 -> 0.93395235 | O4: ='Oil and Rfinery'!K2 -> 0.85452525
A5: Petrochemicals | B5: 941370 | C5: 0.23050647 | D5: 965390 | E5: 0.18224534 | F5: 896210 | G5: 0.19343386 | H5: 817660 | I5: 0.27878131 | J5: 866000 | K5: 0.26228118 | L5: 1142290 | M5: 0.265198 | N5: ='Oil and Rfinery'!K3 -> 0.93395235 | O5: ='Oil and Rfinery'!K2 -> 0.85452525
A6: Organized Retail | D6: 144960 | E6: 0.027365401 | F6: 175490 | G6: 0.037876957 | H6: 204740 | I6: 0.069806136 | J6: 334520 | K6: 0.10131443 | L6: 687290 | M6: 0.15956363 | N6: =Retails!L3 -> 0.45298741 | O6: ='Oil and Rfinery'!K2 -> 0.85452525
A7: Others - Crude Petroleum | B7: 127280 | C7: 0.031166134 | D7: 58330 | E7: 0.011011478 | F7: 94980 | G7: 0.020500047 | H7: 71870 | I7: 0.024504088 | J7: 82500 | K7: 0.024986371 | L7: 91250 | M7: 0.021184916 | N7: ='Oil and Rfinery'!K3 -> 0.93395235 | O7: =Retails!L2 -> 0.85663559
A8: Oil & Gas | B8: 111000 | C8: 0.027179768 | D8: 107030 | E8: 0.020205014 | F8: 113100 | G8: 0.024410985 | H8: 75050 | I8: 0.02558831 | J8: 51910 | K8: 0.015721728 | L8: 49660 | M8: 0.011529238 | N8: =Telecome!K3 -> 0.56590106 | O8: ='Oil and Rfinery'!K2 -> 0.85452525
A9: Digital Services | J9: 5410 | K9: 0.0016385002 | L9: 46850 | M9: 0.010876858 | N9: 0.67 | O9: =Telecome!K2 -> 0.53171572
A10: Long-Term Debt/Equity | D10: 0.278426 | F10: 0.189859 | H10: 0.062086 | J10: 0.039394 | L10: 0.021762
M11: Total Debt/Market cap | N11: 0.28 | O11: 0.28
M12: Unlevered Beta | N12: =SUMPRODUCT(M4:M9,N4:N9) -> 0.85009351 | O12: =SUMPRODUCT(M4:M9,O4:O9) -> 0.8510588
M13: Levered Beta with current D/E | N13: =N12*(1+N11*(1-0.3461)) -> 1.0057388 | O13: =O12*(1+O11*(1-0.3461)) -> 1.0068809
